 Dungeon Crawl Stone Soup version 0.28.0-53-g5a82cb258f (webtiles) character file.

Game seed: 2591953624789049095

144 Jerry the Shield-Bearer (level 5, -3/42 HPs)
             Began as a Human Fighter on July 25, 2022.
             Slain by Edmund
             ... wielding a +6 dire flail of holy wrath
              (12 damage)
             ... on level 4 of the Dungeon.
             The game lasted 00:07:49 (2740 turns).

Jerry the Shield-Bearer (Human Fighter)             Turns: 2740, Time: 00:07:49

Health: -3/42      AC:  8    Str: 18    XL:     5   Next: 51%
Magic:  5/5        EV: 10    Int:  8    God:
Gold:   132        SH:  5    Dex: 13    Spells: 4/4 levels left

rFire   + . .      SeeInvis +   r - +3 short sword of Qung {freeze, SInv}
rCold   . . .      Faith    .   c - +0 buckler
rNeg    . . .      Spirit   .   h - +1 ring mail {rF+}
rPois   .          Reflect  .   (no helmet)
rElec   .          Harm     .   (no cloak)
rCorr   .          Rampage  .   j - +0 pair of gloves
Will    .....                   (no boots)
Stlth   +.........              (no amulet)
HPRegen 0.14/turn               l - +4 ring of slaying
MPRegen 0.09/turn               (no ring)

@: no status effects
A: no striking features
a: no special abilities


You were on level 4 of the Dungeon.
You visited 1 branch of the dungeon, and saw 4 of its levels.

You collected 132 gold pieces.

Inventory:

Hand Weapons
 a - a +0 long sword
 b - a +0 dagger of venom
 r - the +3 short sword of Qung (weapon) {freeze, SInv}
   (You found it on level 3 of the Dungeon)

   It freezes those it strikes, dealing additional cold damage.
   It can also slow down cold-blooded creatures.
   SInv:      It lets you see invisible.
Missiles
 o - 3 javelins
 p - a curare-tipped dart (quivered)
Armour
 c - a +0 buckler (worn)
 h - a +1 ring mail of fire resistance (worn)
 j - a +0 pair of gloves (worn)
Jewellery
 l - a +4 ring of slaying (left hand)
 q - an amulet of guardian spirit
Scrolls
 g - 2 scrolls of identify
 k - a scroll of magic mapping
 m - a scroll of enchant armour {unknown}
 n - 3 scrolls of vulnerability {unknown}
 s - a scroll of teleportation {unknown}
 t - a scroll of enchant weapon {unknown}
Potions
 d - 3 potions of might
 e - 2 potions of brilliance
 f - a potion of curing
 i - a potion of resistance


   Skills:
 + Level 3.9 Fighting
 + Level 3.1 Long Blades
 + Level 3.8 Armour
 + Level 3.9 Shields


You had 4 spell levels left.
You didn't know any spells.
Your spell library was empty.

Dungeon Overview and Level Annotations

Branches:
Dungeon (4/15)
 Temple: D:4-7

Altars:

Annotations:
D:2 1 runed translucent door, Crazy Yiuf
D:4 Edmund


Message History

Press: ? - help, Q - select action, (/) - cycle Shift-Dir - straight line, f/p - Edmund
Aim: Edmund, wielding a +6 dire flail of holy wrath and wearing a +2 chain mail of poison resistance (70% to hit)
You throw a curare-tipped dart.
The curare-tipped dart closely misses Edmund.
Throw: 2 darts (curare)
Press: ? - help, Q - select action, (/) - cycle Shift-Dir - straight line, f/p - Edmund
Aim: Edmund, wielding a +6 dire flail of holy wrath and wearing a +2 chain mail of poison resistance (70% to hit)
You throw a curare-tipped dart.
The curare-tipped dart barely misses Edmund.
There is a stone staircase leading up here.
You hit Edmund. You freeze Edmund.
Edmund is lightly wounded.
Edmund barely misses you.
You hit Edmund. You freeze Edmund.
Edmund is moderately wounded.
Edmund misses you.
You hit Edmund. You freeze Edmund.
Edmund is moderately wounded.
Edmund hits you with a +6 dire flail of holy wrath.
You puncture Edmund! You freeze Edmund.
Edmund is severely wounded.
Edmund hits you with a +6 dire flail of holy wrath!
You hit Edmund. You freeze Edmund.
Edmund is severely wounded.
Edmund hits you with a +6 dire flail of holy wrath.
You hit Edmund. You freeze Edmund.
Edmund is almost dead.
Edmund hits you with a +6 dire flail of holy wrath!
* * * LOW HITPOINT WARNING * * *
You hit Edmund but do no damage.
Edmund is almost dead.
Edmund hits you but does no damage.
You barely miss Edmund.
Edmund is almost dead.
Edmund hits you with a +6 dire flail of holy wrath.
* * * LOW HITPOINT WARNING * * *
You hit Edmund but do no damage.
Edmund is almost dead.
Edmund hits you with a +6 dire flail of holy wrath!
You die...

#. #...#
.(. ....
##(##
#..#
#..(.
##..#
.....
...#
#..###.#
#......##
#?....@@#
##.######
#


You could see Edmund.

Vanquished Creatures
  Jessica (D:2)
  4 adders
  A worm (D:2)
  2 dart slugs (D:1)
  8 orcs (D:3)
  8 ball pythons
  8 endoplasms
  A giant cockroach (D:2)
  5 goblins
  4 hobgoblins
  3 jackals (D:1)
  4 quokkas
  2 bats (D:1)
  5 frilled lizards
  4 kobolds
  7 rats
67 creatures vanquished.

Notes
Turn   | Place    | Note
-------+----------+-------------------------------------------
     0 | D:1      | Jerry the Human Fighter began the quest for the Orb.
     0 | D:1      | Reached XP level 1. HP: 18/18 MP: 1/1
   106 | D:1      | Reached XP level 2. HP: 20/24 MP: 2/2
   485 | D:1      | Found a faded altar of an unknown god.
  1013 | D:1      | Reached XP level 3. HP: 27/29 MP: 3/3
  1239 | D:2      | Noticed Jessica
  1267 | D:2      | Killed Jessica
  1268 | D:2      | Reached XP level 4. HP: 16/35 MP: 4/4
  1444 | D:2      | Found a runed translucent door.
  1445 | D:2      | Noticed Crazy Yiuf
  2168 | D:3      | Reached XP level 5. HP: 42/42 MP: 5/5
  2179 | D:3      | Identified the +3 short sword of Qung {freeze, SInv}
  2723 | D:4      | Noticed Edmund
  2740 | D:4      | Slain by Edmund

Illustrated notes

Levels and vault maps discovered:
D:1:      elethiomel_arrival_maze, layout_basic, basic_ecumenical_altar,
          minmay_hexomino_u4
D:2:      layout_basic, nicolae_underground_beach, uniq_crazy_yiuf_cottage,
          uniq_jessica
D:3:      layout_loops_cross, minmay_unequal
D:4:      layout_loops_ring, nicolae_sif_muna_little_library,
          minmay_temple_entry_offerings, serial_shops, kennysheep_little_box,
          gammafunk_ghost_necromancy, minmay_misc_feat_diagonals,
          minmay_three_crescents, uniq_edmund

Skill      XL: |  1  2  3  4  5 |
---------------+----------------+-----
Long Blades    | 3 |  3.1
Fighting       | |  3.9
Armour         | |  3.8
Shields        | |  3.9

Action                   |  1- 3 |  4- 6 || total
-------------------------+-------+-------++-------
Melee: Long sword        |    66 |    55 ||   121
       Short sword       |       |    40 ||    40
Throw: Dart              |       |     5 ||     5
  Use: Scroll            |     3 |       ||     3
       Potion            |       |     2 ||     2
Armor: Scale mail        |    13 |       ||    13
       Ring mail         |    20 |    31 ||    51
Dodge: Dodged            |    33 |    35 ||    68
Block: Buckler           |    17 |    27 ||    44
